 Dungeon Crawl Stone Soup version 0.30-a0-702-gdf48620a09 (webtiles) character file.

Game seed: 2720730270108214038

123 CrazyBamboolord the Insei (level 5, 0/34 HPs)
             Began as an Octopode Transmuter on Jan 21, 2023.
             Slain by an orc priest
             ... wielding a +0 dagger
              (4 damage)
             ... on level 3 of the Dungeon.
             The game lasted 00:03:27 (2269 turns).

CrazyBamboolord the Insei (Octopode Transmuter)     Turns: 2269, Time: 00:03:28

Health: 0/34       AC:  1    Str:  9    XL:     5   Next: 7%
Magic:  6/8        EV: 13    Int: 18    God:
Gold:   121        SH:  0    Dex: 12    Spells: 5/8 levels left

rFire   . . .      SeeInvis .      - Unarmed
rCold   . . .      Faith    .    (no shield)
rNeg    . . .      Spirit   .    (helmet currently unavailable)
rPois   .          Reflect  .    k - amulet of the acrobat
rElec   .          Harm     .    (no ring)
rCorr   .          Rampage  .    (no ring)
Will    .....                    (no ring)
Stlth   +++                      (no ring)
HPRegen 0.25/turn                (no ring)
MPRegen 0.11/turn                (no ring)
                                 (no ring)
                                 (no ring)

@: appendages (expiring), wereblooded (expiring)
A: tentacle spike 3, almost no armour, amphibious, 8 rings, camouflage 1,
gelatinous body 1, (nimble swimmer 1), tentacles
a: End Transformation


You were on level 3 of the Dungeon.
One of your tentacles had grown a beastly spike.
You visited 1 branch of the dungeon, and saw 3 of its levels.

You collected 121 gold pieces.

Inventory:

Missiles
 h - 3 boomerangs of dispersal
Magical Staves
 n - a staff of poison
Jewellery
 k - an amulet of the acrobat (around mantle)
Scrolls
 b - a scroll of vulnerability
 c - a scroll of fog
 d - a scroll of immolation {unknown}
 f - a scroll of brand weapon {unknown}
 g - 2 scrolls of noise
 j - a scroll of butterflies {unknown}
 m - a scroll of acquirement {unknown}
 p - a scroll of magic mapping {unknown}
Potions
 a - 2 potions of lignification
 e - a potion of attraction
 i - a potion of magic {unknown}
 l - 2 potions of curing
 o - a potion of brilliance {unknown}


   Skills:
 * Level 1.7 Fighting
 * Level 2.5 Dodging
 + Level 1.2 Stealth
 * Level 4.1 Unarmed Combat
 * Level 2.4 Spellcasting
 * Level 2.6 Transmutations
 * Level 1.1 Poison Magic


You had 5 spell levels left.
You knew the following spells:

 Your Spells              Type           Power      Damage    Failure   Level
a - Beastly Appendage     Tmut           22%        N/A       6%          1
b - Wereblood             Tmut           11%        N/A       9%          2

Your spell library contained the following spells:

 Spells                   Type           Power      Damage    Failure   Level
 Spider Form              Tmut/Pois      8%         N/A       24%         3
 Ice Form                 Ice/Tmut       6%         N/A       69%         4


Dungeon Overview and Level Annotations

Branches:
Dungeon (3/15)

Altars:
Ru
Zin


Innate Abilities, Weirdness & Mutations

One of your tentacles has grown a beastly spike.
You cannot wear most types of armour.
You are amphibious.
You can wear up to eight rings at the same time.
Your skin changes colour to match your surroundings (Stealth+).
Your rubbery body absorbs attacks. (AC +1, EV +1)
((You are camouflaged when in or above water. (Stealth+)))
You have tentacles for arms and can constrict up to eight enemies at once.


Message History

You constrict the orc wizard.
The orc wizard hits you with a +0 dagger.
You bludgeon the orc wizard!
You feel a bit better.
You kill the orc wizard!
You howl as the wereblood boils in your veins!
You hear a shout! x2
Your Unarmed Combat skill increases to level 4!
You have reached level 5!
You feel clever.
You tentacle-slap the orc. Your grab misses the orc.
Your squeeze misses the orc.
The orc is heavily wounded.
The orc completely misses you.
The orc priest calls upon Beogh to heal the orc.
The orc's wounds heal themselves!
You tentacle-slap the orc. You grab the orc.
You pierce the orc.
You feel a bit better.
You kill the orc!
Your transformation is almost over.
The orc priest mumbles some strange prayers to Beogh against you.
Beogh smites you!
Ouch! That really hurt!
You tentacle-slap the orc. You grab the orc. You tentacle-slap the orc.
You feel a bit better.
You kill the orc!
Your primal bloodlust is almost over.
The orc priest invokes the aid of Beogh against you.
Beogh smites you!
* * * LOW HITPOINT WARNING * * *
Items here: $ )))) [ †.
You closely miss the orc priest. Your grab misses the orc priest.
The orc priest hits you with a +0 dagger.
* * * LOW HITPOINT WARNING * * *
You tentacle-slap the orc priest. You grab the orc priest.
You pierce the orc priest.
The orc priest is moderately wounded.
You howl as the wereblood boils in your veins!
You constrict the orc priest.
The orc priest hits you with a +0 dagger.
You die...

.......# ## #.#..PP..♣._ .
o..#..## #.. #...†..♣.. ..
.......#.. #......... o..
o.......# ##..###### ....
o...#..# ##.#### #
.#.o.#o.##..# #.....#
...o...†##.# #.###.#
#######.##.# #.# #.#
........##@#######.# #.#
........o.o........# #.#
#########.############'####
......†..# #..........#
####..##.# #..........#
.... #.# #..........# ##.#
#.# ####..........# # #.#
#.............# #.#
#.............#


You could see an orc priest and an orc.

Vanquished Creatures
  An orc wizard (D:3)
  2 adders (D:2)
  2 worms (D:2)
  A dart slug (D:1)
  3 orcs (D:3)
  6 bats
  4 endoplasms
  5 giant cockroaches
  6 goblins
  5 hobgoblins
  4 jackals (D:1)
  2 quokkas
  4 ball pythons
  4 frilled lizards
  8 kobolds
  12 rats
69 creatures vanquished.

Vanquished Creatures (others)
  2 fungi (D:3)
2 creatures vanquished.

Grand Total: 71 creatures vanquished

Notes
Turn   | Place    | Note
-------+----------+-------------------------------------------
     0 | D:1      | CrazyBamboolord the Octopode Transmuter began the quest for
                  | the Orb.
     0 | D:1      | Reached XP level 1. HP: 13/13 MP: 3/3
   150 | D:1      | Reached XP level 2. HP: 15/18 MP: 0/5
   430 | D:1      | Learned a level 2 spell: Wereblood
   456 | D:1      | Reached XP level 3. HP: 22/23 MP: 4/6
  1394 | D:2      | Found a glowing silver altar of Zin.
  1470 | D:2      | Reached XP level 4. HP: 22/28 MP: 7/7
  1591 | D:2      | Found a faded altar of an unknown god.
  1925 | D:2      | Reached skill level 1 in Stealth
  2142 | D:3      | Reached skill level 1 in Poison Magic
  2164 | D:3      | Found a sacrificial altar of Ru.
  2264 | D:3      | Reached skill level 4 in Unarmed Combat
  2264 | D:3      | Reached XP level 5. HP: 28/34 MP: 5/8
  2269 | D:3      | Slain by an orc priest

Illustrated notes

Levels and vault maps discovered:
D:1:      dpeg_cavernosity, layout_basic, wad_floor_pattern_2,
          palyth_stone_intersect, minmay_pentomino_v4
D:2:      layout_loops_corners, dreamdust_ecumenical_altar_hidden_monk_grotto,
          basic_altar, uniq_crazy_yiuf_cottage
D:3:      cheibrodos_pilgrimage, layout_basic, mainiacjoe_overflow_chevrons,
          chequers_serial_rivers_room_a

Skill      XL: |  1  2  3  4 |
---------------+-------------+-----
Stealth        | 1 |  1.2
Poison Magic   | 1 |  1.1
Unarmed Combat | 4 |  4.1
Fighting       | |  1.7
Dodging        | |  2.5
Spellcasting   | |  2.4
Transmutations | |  2.6

Action                   |  1- 3 |  4- 6 || total
-------------------------+-------+-------++-------
Melee: Unarmed           |    83 |    54 ||   137
       Constrict         |    22 |    15 ||    37
       Kick              |    26 |    15 ||    41
       Tentacles         |     8 |    10 ||    18
       Punch             |     1 |     2 ||     3
 Cast: Beastly Appendage |    25 |    13 ||    38
       Wereblood         |       |     1 ||     1
  Use: Scroll            |     1 |     4 ||     5
 Stab: Sleeping          |     6 |     1 ||     7
Armor: Skin              |     9 |     4 ||    13
Dodge: Dodged            |    45 |    28 ||    73

Table legend: (Time is in decaauts)
 A = Elapsed time spent in this place.
 B = Non-inter-level travel time spent in this place.
 C = Inter-level travel time spent in this place.
 D = Time resting spent in this place.
 E = Time spent auto-exploring this place.
 F = Levels seen in this place.
 G = Mean time per level.
                   A        B        C        D        E       F      G
               +--------+--------+--------+--------+--------+-----+--------+
         Total |   2259 |   2156 |    103 |      0 |   1754 |   3 |  753.0 |
       Dungeon |   2259 |   2156 |    103 |      0 |   1754 |   3 |  753.0 |
               +--------+--------+--------+--------+--------+-----+--------+

Top non-repeatable levels by time:
     D:1: 1196 daAuts
     D:2: 906 daAuts
     D:3: 156 daAuts
